 Dungeon Crawl Stone Soup version 0.19.5 (webtiles) character file.

79 McKennaii the Firebug (level 4, 0/36 HPs)
             Began as a Deep Elf Fire Elementalist on May 16, 2017.
             Succumbed to an orc's poison
             ... on level 2 of the Dungeon.
             The game lasted 00:02:44 (1591 turns).

McKennaii the Firebug (Deep Elf Fire Elementalist)  Turns: 1591, Time: 00:02:45

Health: 0/36       AC: 22    Str:  5    XL:     4   Next: 16%
Magic:  0/11       EV:  2    Int: 21    God:
Gold:   124        SH:  0    Dex: 20    Spells: 3 memorised, 4 levels left

rFire  . . .     SeeInvis .     (no weapon)
rCold  . . .     Gourm    .     (armour currently unavailable)
rNeg   + + +     Faith    .     (no shield)
rPois  +         Spirit   .     (helmet currently unavailable)
rElec  .         Reflect  .     (cloak currently unavailable)
rCorr  .         Harm     .     (gloves currently unavailable)
MR     .....     NoTele   +     (boots currently unavailable)
Stlth  ++++......               (no amulet)
                                (no ring)
                                (no ring)

@: agile, lethally poisoned (0 -> -17), tree-form, very slightly contaminated
A: no striking features
a: no special abilities


You were on level 2 of the Dungeon.
You were hungry.
You were a tree.
You visited 1 branch of the dungeon, and saw 3 of its levels.

You collected 124 gold pieces.

Inventory:

Armour
 a - a +0 robe (melded)
 n - a +1 pair of boots (melded)
Scrolls
 f - 3 scrolls of identify
 h - a scroll of teleportation {unknown}
 j - 4 scrolls of remove curse {unknown}
 k - 3 scrolls of noise {unknown}
 l - a scroll of fog {unknown}
Potions
 d - 2 potions of mutation
 e - a potion of curing {unknown}
 g - a potion of lignification
 i - a potion of degeneration {unknown}
 m - a potion of brilliance {unknown}
Books
 b - a book of Flames

   Spells                             Type                      Level
   a - Flame Tongue                   Conjuration/Fire             1
   b - Throw Flame                    Conjuration/Fire             2
   c - Conjure Flame                  Conjuration/Fire             3
   d - Inner Flame                    Hexes/Fire                   3
   e - Sticky Flame                   Conjuration/Fire             4
   f - Fireball                       Conjuration/Fire             5
Comestibles
 c - 3 bread rations
 o - 3 fruits


   Skills:
 + Level 2.8 Dodging
 + Level 2.7 Stealth
 + Level 3.9 Spellcasting
 + Level 1.9 Conjurations
 + Level 4.4 Fire Magic


You had 4 spell levels left.
You knew the following spells:

 Your Spells              Type           Power        Failure   Level  Hunger
a - Flame Tongue          Conj/Fire      ###..        3%          1    None
b - Throw Flame           Conj/Fire      ###...       6%          2    #......
c - Conjure Flame         Conj/Fire      ###.....     12%         3    ###....


Dungeon Overview and Level Annotations

Branches:
Dungeon (3/15)

Altars:


Message History

Confirm with . or Enter, or press ? or * to list all spells.
Aiming: Flame Tongue
Press: ? - help, Shift-Dir - straight line, f/p - orc
Aim: an orc, wielding a hand axe of venom and wearing a leather armour (heavily wounded)
The flame tongue hits the orc.
The orc is almost dead.
The orc hits you but does no damage.
You are more poisoned.
It was a potion of lignification.
You turn into a tree.
Your +1 pair of boots melds into your body.
Your +0 robe melds into your body.
Your roots penetrate the ground.
* * * LOW HITPOINT WARNING * * *
You feel sick. The orc hits you but does no damage.
You are more poisoned.
Casting: Flame Tongue
Confirm with . or Enter, or press ? or * to list all spells.
You don't have enough magic to cast that spell.
It was a potion of agility.
You feel agile all of a sudden.
You die...

#.....###.......##.#.#.##)#
#..††.# #........#.#.#..#.#
#.....# #..#####<#.#.#..#.#
#.....###......#.#.#.......
#.......#....#.#.#.######.#
#####...#.#....#.#........#
#...#.#....#.#########.
#...#........# #.
#...#.♣.....## #.
#...##o####.# ## ######.#
#.# # #...#.# #.# #
#...#.####.# #..........#
##....####.# #....# ###
#....#


You could see an orc.

Vanquished Creatures
  An orc wizard (D:3)
  A dart slug (D:2)
  2 orcs (D:3)
  4 bats
  A giant cockroach (D:2)
  6 goblins
  5 hobgoblins
  8 jackals
  5 kobolds
  2 frilled lizards
  3 rats
38 creatures vanquished.

Notes
Turn   | Place    | Note
-------+----------+-------------------------------------------
     0 | D:1      | McKennaii the Deep Elf Fire Elementalist began the quest for the Orb.
     0 | D:1      | Reached XP level 1. HP: 10/10 MP: 6/6
   331 | D:1      | Reached XP level 2. HP: 15/15 MP: 5/8
   581 | D:1      | Reached skill level 4 in Fire Magic
   966 | D:2      | Reached XP level 3. HP: 16/19 MP: 2/9
   971 | D:2      | Learned a level 2 spell: Throw Flame
   975 | D:2      | Learned a level 3 spell: Conjure Flame
  1568 | D:3      | Reached XP level 4. HP: 24/24 MP: 5/11
  1588 | D:2      | HP: 1/24 [poisoned by an orc]
  1591 | D:2      | Succumbed to an orc's poison

Skill      XL: |  1  2 |
---------------+-------+-----
Fire Magic     | 4 |  4.4
Dodging        | |  2.8
Stealth        | |  2.7
Spellcasting   | |  3.9
Conjurations   | |  1.9

Action                   |  1- 3 |  4- 6 || total
-------------------------+-------+-------++-------
Melee: Unarmed           |     3 |       ||     3
 Cast: Flame Tongue      |    64 |     8 ||    72
       Throw Flame       |     3 |       ||     3
  Use: Potion            |       |     2 ||     2
       Scroll            |       |     1 ||     1
  Eat: Chunk             |     1 |       ||     1
Armor: Robe              |     6 |     2 ||     8
       Skin              |       |     1 ||     1
Dodge: Dodged            |    24 |     6 ||    30
